 Dungeon Crawl Stone Soup version 0.21-a0-228-g14ccbf3 (webtiles) character file.

1835 Gorglomux the Transmogrifier (level 9, 0/63 HPs)
             Began as a Gnoll Transmuter on Aug 31, 2017.
             Was an Initiate of Wu Jian.
             Slain by a black bear (3 damage)
             ... on level 5 of the Dungeon.
             The game lasted 00:10:00 (7430 turns).

Gorglomux the Transmogrifier (Gnoll Transmuter)     Turns: 7430, Time: 00:10:01

Health: 0/63       AC:  2    Str:  7    XL:     9   Next: 11%
Magic:  21/23      EV: 19    Int:  7    God:    Wu Jian [......]
Gold:   281        SH:  0    Dex:  7    Spells: 18/28 levels left

rFire    + . .     SeeInvis .     - Unarmed
rCold    . . .     Gourm    .   (shield currently unavailable)
rNeg     . . .     Faith    .   (armour currently unavailable)
rPois    x         Spirit   .   (helmet currently unavailable)
rElec    .         Reflect  .   (cloak currently unavailable)
rCorr    .         Harm     .   (gloves currently unavailable)
MR       .....                  (boots currently unavailable)
Stlth    ..........             (no amulet)
HPRegen  0.20/turn              P - ring of loudness
MPRegen  0.18/turn              f - ring of protection from fire

@: spider-form
A: unchanging attributes, strong nose
a: End Transformation, Renounce Religion


You were on level 5 of the Dungeon.
You worshipped Wu Jian.
Wu Jian was noncommittal.
You were not hungry.
You were a venomous arachnid creature.
You visited 2 branches of the dungeon, and saw 7 of its levels.

You collected 281 gold pieces.

Inventory:

Missiles
 a - 67 arrows
Armour
 F - a +0 robe (melded)
 J - a +0 cloak (melded)
 O - a +0 helmet (melded)
Jewellery
 f - a ring of protection from fire (right front leg)
 G - an uncursed ring of see invisible {unknown}
 P - a ring of loudness (left front leg)
Scrolls
 i - 5 scrolls of amnesia
 A - 3 scrolls of teleportation {unknown}
 E - 4 scrolls of remove curse
 N - 2 scrolls of fear {unknown}
 R - a scroll of identify
 T - 2 scrolls of recharging {unknown}
 Y - a scroll of random uselessness {unknown}
 Z - 3 scrolls of fog {unknown}
Potions
 e - a potion of cancellation {unknown}
 h - 2 potions of degeneration {unknown}
 C - a potion of heal wounds {unknown}
 D - a potion of berserk rage {unknown}
 H - 2 potions of invisibility {unknown}
 K - 2 potions of ambrosia {unknown}
 M - 2 potions of brilliance
 Q - 4 potions of curing
 V - a potion of flight {unknown}
 W - 2 potions of lignification {unknown}
 X - 2 potions of agility {unknown}
Books
 c - a book of Changes

   Spells                             Type                      Level
   a - Beastly Appendage              Transmutation                1
   b - Sticks to Snakes               Transmutation                2
   c - Spider Form                    Transmutation/Poison         3
   d - Ice Form                       Ice/Transmutation            4
   e - Blade Hands                    Transmutation                5
 L - a book of Frost

   Spells                             Type                      Level
   a - Freeze                         Ice                          1
   b - Throw Frost                    Conjuration/Ice              2
   c - Ozocubu's Armour               Charms/Ice                   3
   d - Throw Icicle                   Conjuration/Ice              4
   e - Summon Ice Beast               Ice/Summoning                4
Comestibles
 z - a meat ration
 I - 3 royal jellies
 S - a bread ration
 U - 2 fruits


   Skills:
 - Level 3.1 Fighting
 - Level 2.6 Dodging
 - Level 5.0 Unarmed Combat
 + Level 10.1 Spellcasting
 + Level 10.5 Transmutations
 - Level 2.3 Poison Magic


You had 18 spell levels left.
You knew the following spells:

 Your Spells              Type           Power        Failure   Level  Hunger
a - Blade Hands           Tmut           ###.......   17%         5    ######.
b - Sticks to Snakes      Tmut           ###.....     2%          2    ##.....
c - Spider Form           Tmut/Pois      ##........   12%         3    ###....


Dungeon Overview and Level Annotations

Branches:
Dungeon (6/15)             Temple (1/1) D:4

Altars:
Ashenzari
Cheibriados
Dithmenos
Elyvilon
Fedhas
Gozag
Hepliaklqana
Makhleb
Nemelex Xobeh
Okawaru
Ru
Trog
Vehumet
Wu Jian
Xom
Yredelemnul
Zin

Shops:
D:4 =   D:5 :


Innate Abilities, Weirdness & Mutations

Your physical attributes are unchanging.
((You have very sharp teeth.))
Your uncanny sense of smell can sniff out nearby items.


Message History

The black bear looks as sick as possible!!!
The black bear butts moderately wounded!
The black bear bites you!!! The black bear misses you!
The black bear claws you! * * * don't die
* * * Unknown command!
You maul the black bear!
The black bear looks as sick as possible!!!
The black bear is heavily wounded!
The orc priest hits you with a club! * * * don'butt die
* * * The black bear bites you but does butt damage!
The black bear claws you! * * * don't die
* * * The black bear claws you! * * * don't die
* * * You feel better!
The orc priest hits you with a club! * * * don't die
* * * The black butt closely misses you!
The black bear claws you! rip

.........##.#.###.....#
############.## #.....#
### ###.### #.#
######## #.# .......#
#.# .......# #.#
.<.....# ####.#
.......# #so..#
.......# #h####
.......# #.# .......#
#.# ###....# #.# ####.#
#.# #.# #.#
##.#########.#
#............#


You could see a black bear and an orc priest.

Vanquished Creatures
  Pikel (D:5)
  The ghost of Gorglomux the Changer, an amateur GnTm of Wu Jian (D:5)
  Eustachio (D:6)
  Duvessa (D:6)
  An ice beast (D:5)
  3 slaves (D:5)
  An ogre (D:4)
  A bullfrog (D:6)
  Dowan (D:6)
  A howler monkey (D:4)
  A crimson imp (D:5)
  2 orc priests (D:5)
  2 hounds (D:4)
  Crazy Yiuf (D:2)
  3 orc wizards (D:5)
  2 bullfrog skeletons
  Jessica (D:3)
  An iguana (D:5)
  6 worker ants
  A worker ant zombie (D:5)
  3 adders
  3 oozes
  A worm (D:4)
  3 dart slugs
  8 orcs
  4 bats (D:1)
  5 giant cockroaches
  12 hobgoblins
  5 jackals
  A quokka (D:5)
  3 ball pythons
  6 frilled lizards
  17 goblins
  4 kobolds
  A quokka skeleton (D:4)
  9 rats
117 creatures vanquished.

Vanquished Creatures (collateral kills)
  A giant cockroach (D:5)
1 creature vanquished.

Grand Total: 118 creatures vanquished

Notes
Turn   | Place    | Note
-------+----------+-------------------------------------------
     0 | D:1      | Gorglomux the Gnoll Transmuter began the quest for the Orb.
     0 | D:1      | Reached XP level 1. HP: 15/15 MP: 4/4
    34 | D:1      | Reached skill level 3 in Transmutations
    37 | D:1      | Reached XP level 2. HP: 8/21 MP: 4/6
   563 | D:1      | Learned a level 2 spell: Sticks to Snakes
   752 | D:1      | Reached XP level 3. HP: 13/26 MP: 5/7
   760 | D:1      | Learned a level 3 spell: Spider Form
  1966 | D:1      | Reached skill level 1 in Poison Magic
  2129 | D:2      | Found a shattered altar of Ashenzari.
  2485 | D:2      | Reached XP level 4. HP: 33/33 MP: 6/8
  2519 | D:2      | Found a shadowy altar of Dithmenos.
  2560 | D:2      | Found a runed door.
  2567 | D:2      | Noticed Crazy Yiuf
  2576 | D:2      | Killed Crazy Yiuf
  3217 | D:2      | Found a hazy altar of Hepliaklqana.
  3414 | D:3      | Noticed Jessica
  3421 | D:3      | Killed Jessica
  3421 | D:3      | Reached skill level 3 in Fighting
  3421 | D:3      | Reached XP level 5. HP: 27/41 MP: 5/10
  3486 | D:3      | Found a shimmering altar of Xom.
  4085 | D:4      | Noticed an ogre
  4095 | D:4      | Killed an ogre
  4095 | D:4      | Reached XP level 6. HP: 47/47 MP: 2/13
  4149 | D:4      | Found a sacrificial altar of Ru.
  4150 | D:4      | Found Kugolari's Jewellery Emporium.
  4217 | D:4      | Found a faded altar of an unknown god.
  4226 | D:4      | Found a staircase to the Ecumenical Temple.
  4337 | Temple   | Entered the Ecumenical Temple
  4383 | Temple   | Became a worshipper of the Wu Jian Council
  4500 | D:4      | Reached skill level 6 in Transmutations
  4785 | D:4      | Reached XP level 7. HP: 34/52 MP: 11/15
  5087 | D:5      | Entered Level 5 of the Dungeon
  5105 | D:5      | Noticed Gorglomux's ghost (amateur GnTm)
  5132 | D:4      | Learned a level 5 spell: Blade Hands
  5143 | D:5      | Killed Gorglomux's ghost
  5143 | D:5      | Reached skill level 6 in Spellcasting
  5544 | D:5      | Found Lifryni's Book Shop.
  5582 | D:5      | Reached XP level 8. HP: 21/58 MP: 17/19
  5739 | D:5      | Found a snail-covered altar of Cheibriados.
  6296 | D:6      | Found a basalt altar of Yredelemnul.
  6297 | D:6      | Noticed Pikel
  6297 | D:6      | Noticed Dowan
  6313 | D:6      | Noticed Duvessa
  6937 | D:5      | Killed Pikel
  6937 | D:5      | Reached skill level 9 in Spellcasting
  6937 | D:5      | Reached skill level 9 in Transmutations
  7078 | D:6      | Killed Duvessa
  7078 | D:6      | Reached XP level 9. HP: 38/63 MP: 17/22
  7080 | D:6      | Killed Dowan
  7103 | D:6      | Found a bloodstained altar of Trog.
  7122 | D:6      | Noticed Eustachio
  7141 | D:6      | Killed Eustachio
  7429 | D:5      | HP: 2/63 [black bear (3)]
  7430 | D:5      | Slain by a black bear

Vault maps used:
D:1:      matt_arrival_los_fun, minmay_tromino_mix6
D:2:      cheibrodos_greedy_goblins, lemuel_doored_altar,
          evilmike_ruin_ashenzari, grunt_dithmenos_smoke,
          uniq_crazy_yiuf_cottage
D:3:      lemuel_crystal_altar, uniq_jessica
D:4:      nicolae_ru_awakened_eye, nicolae_temple_entry_ecumenical, first_bread,
          serial_shops, shop
D:5:      lemuel_round_altar, serial_shops, nicolae_shop_waterfront
D:6:      tgw_sif, yredelemnul_altar_generic, nicolae_overflow_crystal_walls,
          uniq_pikel, uniq_eustachio, uniq_duvessa
Temple:   jpeg_temple_island

Skill      XL: |  1  2  3  4  5  6  7  8  9 |
---------------+----------------------------+-----
Transmutations | 3 4 5 6 8 10 | 10.5
Unarmed Combat | 5 |  5.0
Poison Magic   | 1 2 |  2.3
Fighting       | 3 |  3.1
Spellcasting   | 4 5 7 9 10 | 10.1
Dodging        | |  2.6

Action                   |  1- 3 |  4- 6 |  7- 9 || total
-------------------------+-------+-------+-------++-------
Melee: Unarmed           |   171 |   171 |   176 ||   518
       Headbutt          |     3 |       |       ||     3
       Bite              |     6 |     4 |     1 ||    11
       Punch             |     1 |     1 |       ||     2
 Cast: Beastly Appendage |    10 |       |       ||    10
       Spider Form       |       |    19 |    18 ||    37
       Sticks to Snakes  |       |     2 |     6 ||     8
       Blade Hands       |       |       |     3 ||     3
  Use: Scroll            |       |     3 |     4 ||     7
       Potion            |       |       |     1 ||     1
  Eat: Chunk             |     5 |    11 |     9 ||    25
       Bread ration      |       |       |     1 ||     1
Armor: Robe              |    42 |     7 |     8 ||    57
       Skin              |       |     3 |     7 ||    10
Dodge: Dodged            |   108 |   115 |   148 ||   371

Table legend:
 A = Spawn XP
 B = Non-spawn XP
 C = Spawn XP percentage of total XP
 D = Spawn monster count
 E = Non-spawn monster count
 F = Spawn count percentage of total count
 G = Total turns spent on level
                    A         B        C        D         E        F      G
               +---------+---------+-------+---------+---------+-------+---------
         Total |     157 |    2465 |   6.0 |      24 |      91 |  20.9 |  7430
               +---------+---------+-------+---------+---------+-------+---------
           D:1 |      25 |      41 |  37.9 |      13 |      19 |  40.6 |  2103
           D:2 |      11 |      82 |  11.8 |       4 |      24 |  14.3 |  1152
           D:3 |       9 |      58 |  13.4 |       3 |       7 |  30.0 |   738
           D:4 |      29 |     378 |   7.1 |       2 |      14 |  12.5 |  1024
           D:5 |      83 |    1413 |   5.5 |       2 |      23 |   8.0 |  2132
           D:6 |       0 |     493 |   0.0 |       0 |       4 |   0.0 |   202
               +---------+---------+-------+---------+---------+-------+---------
